K2, neutral male human Wizard ---- --- |..| --- ---- --.--- ---..---.-- ---- |..| |....--- --.........| |..| -----..-- --.....| --.........-- ----- |..---.-|....| |.....----- |.........^| -----...--- --.......|....--- ---.......|.-- --....|....| --.........-- --..........|....|-- |............| |-...|....---...........| |.........--|.--.|.-- |............| --................---....| |-...---..| .|.^.I.| --..........-- |.................| |..--- |...-- --.| |...I.| |........--- |...............--- |..| ---.|.| --...-- -----.--.-- --............--- ---- |...|.| |.--- ---|#.| ---............| ---.--- |.| |..| |...^........--- |...| |.| --- --.#- |........|....-- ---.--- |.--- -.---.| --)#--......---.--..--- |%..-- |...| -->....-------).......-|...|--...| |....| |...| |..........---........--.-----...---###--(.| ----- |................[........................-- --.-------................-#--#..---------- --- ---------#------## ##---- K2 the Thaumaturge Experience level: 8 Strength: 10 Dexterity: 13 Constitution: 16 Intelligence: 18 Wisdom: 13 Charisma: 9 Health: 0(70) Energy: 60(60) Def: 7 Gold: 141 Moves: 3863 Dungeon seed: sxrMtIZdr6e4Y8Dz Game ID: K2_1481521321 Your Inventory: Coins $ - 141 gold pieces Weapons a - a blessed +1 quarterstaff (weapon in hands) b - 3 uncursed +0 daggers Armor A - an uncursed +0 cloak of magic resistance (being worn) D - a blessed +1 orcish helm (being worn) F - a blessed +3 pair of speed boots (being worn) Comestibles s - an uncursed lizard corpse K - 7 uncursed food rations X - an uncursed lembas wafer Scrolls i - an uncursed scroll of scare monster j - an uncursed scroll of remove curse M - an uncursed scroll of light Spellbooks m - an uncursed spellbook of knock n - a cursed spellbook of dig x - a blessed spellbook of force bolt G - an uncursed spellbook of protection Potions f - an uncursed potion of speed g - an uncursed potion of confusion v - an uncursed potion of full healing C - an uncursed potion of levitation L - an uncursed potion of gain ability V - an uncursed potion of see invisible Rings c - an uncursed ring of stealth d - an uncursed ring of conflict Wands q - an uncursed wand of speed monster (0:5) B - an uncursed wand of lightning (0:7) O - an uncursed wand of light (0:11) Tools h - an uncursed wooden harp k - an uncursed skeleton key l - an uncursed oil lamp (lit) (0:1161) t - an uncursed towel P - 7 uncursed tallow candles (0:200) Gems u - 2 uncursed obsidian stones y - 2 uncursed amber stones z - 2 uncursed opals Y - an uncursed jasper stone Z - an uncursed worthless piece of black glass Spells and supernatural/magical abilities: Name Level Category Fail Memory a - force bolt 1 attack 0% 81% k - knock 1 matter 0% 81% p - protection 1 clerical 0% 100% W - pray for help -- divine ? -- Your skills at the end: Fighting Skills wands [Basic] Weapon Skills quarterstaff [Skilled] Spellcasting Skills attack spells [Skilled] enchantment spells [Basic] Final Attributes: You were piously aligned. You were magic-protected. You were blinded. You were very fast. You were lucky. You are dead. Vanquished creatures: a large mimic 2 small mimics a giant beetle a leprechaun a Green-elf a lizard 2 chickatrices a dingo a rope golem a rock piercer a fog cloud a violet fungus 5 gnome lords 2 gnomish wizards a golden naga hatchling a guardian naga hatchling a straw golem 3 giant ants a floating eye 9 dwarves 2 homunculi a kobold shaman 5 hill orcs a centipede 2 giant bats an orc zombie a dwarf zombie a werejackal an iguana 2 acid blobs a gas spore a hobbit a giant rat a cave spider 2 brown molds 3 yellow molds a green mold 2 red molds 25 gnomes a gecko 4 jackals a fox a kobold 4 goblins a sewer rat 3 grid bugs 2 lichens 2 kobold zombies 4 newts 114 creatures vanquished. Voluntary challenges: You had been an atheist until turn 3270. You used a wielded weapon 124 times, starting on turn 52. You read items or engraved 7 times, starting on turn 3. You never genocided any monsters. You never polymorphed an object. You never changed form. You used no wishes. You never split a pudding. You never wrote Elbereth's name. You never violated your personal moral code. You abstained from Elbereth's help. Dungeon overview: The Dungeons of Doom: levels 1 to 4 Level 1 some fountains a long staircase Level 2 a general store Level 3 a fountain, a sink Level 4 some fountains stairs to The Gnomish Mines The Gnomish Mines: levels 5 to 9 Level 5 stairs to The Dungeons of Doom Level 6 Level 7 <- You were here Level 8 many shops, a temple to Ptah, some fountains Level 9 History has recorded: On T:1 you entered the Dungeons of Doom to retrieve the Amulet of Yendor! On T:560 you reached level 2 of The Dungeons of Doom. On T:842 you advanced to experience level 2. On T:1246 you advanced to experience level 3. On T:1249 you reached level 3 of The Dungeons of Doom. On T:1601 you advanced to experience level 4. On T:1703 you reached level 4 of The Dungeons of Doom. On T:2119 you reached level 1 of The Gnomish Mines. On T:2137 you advanced to experience level 5. On T:2279 you advanced to experience level 6. On T:2669 you reached level 2 of The Gnomish Mines. On T:2787 you reached level 3 of The Gnomish Mines. On T:3085 you reached level 5 of The Gnomish Mines. On T:3091 you advanced to experience level 7. On T:3281 you reached level 4 of The Gnomish Mines. On T:3798 you advanced to experience level 8. Score breakdown: Gold: 141 ( 7321 points) Experience: 8 levels (14739 points) Exploration: 9 levels ( 17.31%) (11881 points) Discoveries: 14 items ( 4.83%) ( 6591 points) Valuables value: (no points given unless you survive) Artifact value: 0 ( 0 points) Variety of kills: 49 monsters ( 12.79%) (10730 points) Turncount: 3863 turns ( -973 points) Survival: died (score multiplied by 80%) Total score: 40231 Latest messages: The force bolt hits the giant beetle! The giant beetle is killed! There are a few objects here. You have a little trouble lifting G - a plaid spellbook. Your movements are slowed slightly because of your load. You begin to memorize the runes. You add the "protection" spell to your repertoire. You stop exploring. You are momentarily blinded by a flash of light! You can't see where you're going! Use the 'moveonly' command to move into a remembered wall. It hits! (2x) You hit it. (2x) It hits! (2x) You hit it. It hits! (2x) You kill it! It hits! You die... Final status: Goodbye K2 the Wizard, killed by a Green-elf... You died in The Gnomish Mines on dungeon level 7 with 40231 points, and 141 pieces of gold, after 3863 moves. You were level 8 with a maximum of 70 hit points when you died.